 Dungeon Crawl Stone Soup version 0.32-a0-306-gfed3edf829 (webtiles) character file.

Game seed: 9230983455030602775

245 zenocrate the Covert (level 6, -1/42 HPs)
             Began as an Octopode Delver on Feb 14, 2024.
             Slain by a wyvern (2 damage)
             ... on level 5 of the Dungeon.
             The game lasted 00:01:10 (606 turns).

zenocrate the Covert (Octopode Delver)               Turns: 606, Time: 00:01:11

Health: -1/42      AC:  1    Str: 12    XL:     6   Next: 10%
Magic:  6/6        EV: 14    Int: 12    God:
Gold:   61         SH:  0    Dex: 15    Spells: 5/5 levels left

rFire   . . .        a - +1 short sword
rCold   . . .        (no shield)
rNeg    . . .        (helmet restricted)
rPois   .            (no amulet)
rElec   .            (no ring)
rCorr   .            (no ring)
SInv    .            (no ring)
Will    .....        (no ring)
Stlth   +++++        (no ring)
HPRegen 0.27/turn    (no ring)
MPRegen 0.10/turn    (no ring)
                     (no ring)

%: no passive effects
@: no status effects
A: almost no armour, amphibious, 8 rings, camouflage 1, gelatinous body 1,
(nimble swimmer 1), tentacles
a: no special abilities


You were on level 5 of the Dungeon.
You visited 1 branch of the dungeon, and saw 2 of its levels.

You collected 61 gold pieces.

Inventory:

Hand Weapons
 a - a +1 short sword (weapon)
Talismans
 h - a flux talisman
Wands
 f - a wand of digging (3)
Scrolls
 b - a scroll of fog
 c - a scroll of revelation


   Skills:
 - Level 3.0 Fighting
 + Level 3.9 Short Blades
 + Level 3.8 Dodging
 + Level 8.2 Stealth


You had 5 spell levels left.
You didn't know any spells.
Your spell library was empty.

Dungeon Overview and Level Annotations

Branches:
Dungeon (5/15)
 Temple: D:4-7

Altars:

Shops:
D:5 *

Annotations:
D:4 Dowan, Duvessa


Innate Abilities, Weirdness & Mutations

You cannot wear most types of armour.
You are amphibious.
You can wear up to eight rings at the same time.
Your skin changes colour to match your surroundings (Stealth+).
Your rubbery body absorbs attacks. (AC +1, EV +1)
((You are camouflaged when in or above water. (Stealth+)))
You have tentacles for arms and can constrict up to eight enemies at once.


Message History

You aren't carrying any potions.
Unknown command.
You hit the wyvern.
The wyvern is lightly wounded.
The wyvern bites you!
You hit the wyvern but do no damage.
The wyvern is lightly wounded.
The wyvern barely misses you.
You hit the wyvern but do no damage.
You squeeze the wyvern, but do no damage.
The wyvern is lightly wounded.
The wyvern bites you!
* * * LOW HITPOINT WARNING * * *
The wyvern completely misses you.
You are too injured to fight recklessly!
Unknown command.
As you read the scroll labelled RETYINY KAKAE, it crumbles to dust.
It is a scroll of enchant weapon.
Your +0 short sword glows red for a moment.
The wyvern misses you.
Unknown command.
Unknown command.
You aren't carrying any potions.
Unknown command.
Okay, then.
You hit the wyvern but do no damage. You squeeze the wyvern.
The wyvern is moderately wounded.
The wyvern closely misses you.
Unknown command.
You barely miss the wyvern.
The wyvern is moderately wounded.
The wyvern bites you.
* * * LOW HITPOINT WARNING * * *
The wyvern bites you.
* * * LOW HITPOINT WARNING * * *
Unknown command.
You hit the wyvern.
The wyvern is moderately wounded.
The wyvern bites you.
You die...

##..##....######
##†#.#.....
#...##.......... #.#.#
... #.....###.......
#.#.# #.#
#...#..[#....... #.#†#
#.# #...###.......#
##.#.####.# #...#
#...##### #..........
#5..# #...#
#......##.. #...#
#...########....).##..
....#
###hk@....###.######..
..##. ##F##.##.#
#......... #sh# .#
#######..#
.......†....# #...
#...#...#...# #. #...
.#..F#...#..# #.# #...
.$#..=#.. #.#
#..#####..# .#...#...#
.# #.#....... #...#
..#. # #......#..


You could see a wyvern, a bullfrog, a scorpion and a hound.

Vanquished Creatures
  A scorpion (D:5)
  A howler monkey (D:5)
  A gnoll bouda (D:5)
  A sleepcap (D:5)
  2 iguanas (D:5)
  5 ufetubi (D:5)
  An orc (D:5)
  A jackal (D:5)
  A quokka (D:5)
14 creatures vanquished.

Notes
Turn   | Place    | Note
-------+----------+-------------------------------------------
     0 | D:5      | zenocrate the Octopode Delver began the quest for the Orb.
     0 | D:5      | Reached XP level 1. HP: 16/16 MP: 1/1
    11 | D:5      | Noticed an iguana
    23 | D:5      | Killed an iguana
    24 | D:5      | Reached skill level 7 in Stealth
    24 | D:5      | Reached XP level 2. HP: 8/21 MP: 2/2
    24 | D:5      | Reached XP level 3. HP: 9/26 MP: 3/3
   187 | D:4      | Noticed Duvessa
   187 | D:4      | Noticed Dowan
   231 | D:5      | Reached XP level 4. HP: 31/31 MP: 4/4
   241 | D:5      | Found Qagg's General Store.
   242 | D:5      | Noticed a scorpion
   257 | D:5      | Killed a scorpion
   258 | D:5      | Reached XP level 5. HP: 17/36 MP: 5/5
   386 | D:5      | Reached skill level 8 in Stealth
   413 | D:5      | Reached XP level 6. HP: 23/42 MP: 6/6
   581 | D:5      | Noticed a wyvern
   605 | D:5      | HP: 1/42 [wyvern (6)]
   606 | D:5      | Slain by a wyvern

Illustrated notes

Levels and vault maps discovered:
D:4:      layout_loops_cross, serial_shops, shop, kennysheep_mini_moat,
          chequers_garden, kennysheep_windowed_goal, uniq_duvessa
D:5:      cheibrodos_fzero, layout_basic, minmay_temple_entry_from_below_a,
          kennysheep_small_circle

Skill      XL: |  1  2  3  4  5 |
---------------+----------------+-----
Stealth        | 7 8 |  8.2
Short Blades   | 3 |  3.9
Dodging        | 3 |  3.8
Fighting       | |  3.0

Action                     |  1- 3 |  4- 6 || total
---------------------------+-------+-------++-------
  Melee: Short sword       |    14 |    51 ||    65
         Constrict         |     2 |     9 ||    11
         Tentacles         |     1 |    12 ||    13
    Use: Potion            |       |     1 ||     1
         Scroll            |       |     2 ||     2
   Stab: Sleeping          |     4 |     2 ||     6
 Armour: Skin              |     5 |    29 ||    34
  Dodge: Dodged            |     6 |    54 ||    60

Table legend: (Time is in decaauts)
 A = Elapsed time spent in this place.
 B = Non-inter-level travel time spent in this place.
 C = Inter-level travel time spent in this place.
 D = Time resting spent in this place.
 E = Time spent auto-exploring this place.
 F = Levels seen in this place.
 G = Mean time per level.
                   A        B        C        D        E       F      G
               +--------+--------+--------+--------+--------+-----+--------+
         Total |    581 |    565 |     16 |      0 |    432 |   2 |  290.5 |
       Dungeon |    581 |    565 |     16 |      0 |    432 |   2 |  290.5 |
               +--------+--------+--------+--------+--------+-----+--------+

Top non-repeatable levels by time:
     D:5: 577 daAuts
     D:4: 3 daAuts
